[ AOE2 MATCH · #478049385 ]
Team RMEthiopians vs Britons
[ REPLAY ANALYSIS · EXTRACTED FROM THE RECORDED GAME ]
Feudal
12:02
Castle
16:29
Imperial
32:43
| APM avg | 18.1 |
| APM peak | 50 |
| eAPM avg | 13.4 |
| Villagers / military | 129 / 943 |
Focus
⚔️ 42.0% · 🌾 58.0%
Scout Cavalry ×555 · Spearman ×182 · Mangonel ×106 · Archer ×74 · Trade Cart ×20 · Bombard Cannon ×20
Feudal
—
Castle
—
Imperial
—
| APM avg | 21.3 |
| APM peak | 78 |
| eAPM avg | 19.2 |
| Villagers / military | 215 / 1872 |
Focus
⚔️ 54.7% · 🌾 45.3%
Spearman ×955 · Skirmisher ×559 · Plumed Archer ×235 · Mangonel ×81 · Trade Cart ×26 · Eagle Scout ×23
Feudal
12:21
Castle
15:52
Imperial
35:16
| APM avg | 26.7 |
| APM peak | 96 |
| eAPM avg | 20.1 |
| Villagers / military | 143 / 1013 |
Focus
⚔️ 73.4% · 🌾 26.6%
Skirmisher ×655 · Archer ×269 · Trebuchet (Packed) ×63 · Trade Cart ×36 · Battering Ram ×11 · Petard ×8
Feudal
10:45
Castle
17:24
Imperial
31:56
| APM avg | 28.5 |
| APM peak | 64 |
| eAPM avg | 15.0 |
| Villagers / military | 167 / 1593 |
Focus
⚔️ 53.9% · 🌾 46.1%
Genitour ×680 · Hand Cannoneer ×469 · Camel Archer ×281 · Scout Cavalry ×99 · Trade Cart ×39 · Spearman ×31
Feudal
11:42
Castle
16:38
Imperial
34:48
| APM avg | 44.5 |
| APM peak | 145 |
| eAPM avg | 34.7 |
| Villagers / military | 181 / 1109 |
Focus
⚔️ 34.4% · 🌾 65.6%
Knight ×1106 · Trade Cart ×99 · Trebuchet (Packed) ×3
Feudal
10:49
Castle
13:30
Imperial
32:55
| APM avg | 47.1 |
| APM peak | 86 |
| eAPM avg | 25.8 |
| Villagers / military | 191 / 598 |
Focus
⚔️ 53.1% · 🌾 46.9%
Ballista Elephant ×504 · Scout Cavalry ×82 · Trade Cart ×44 · Monk ×10 · Trebuchet (Packed) ×2
Match map
Initial resources + every placement click. Lines = walls · curves = elevation contours. ◆ gold · ⬟ stone · ● berries · ✦ relic · ◌ wall gap
Your base· ✓ Closed at 16:29 · 0t walls · no gate
UsingTm96's base· ✓ Closed at 16:51 · 27t walls · 1 gate(s)
Jamitri's base· Open — opponent sealed themselves in
Options1986's base· ✓ Closed at 17:24 · 0t walls · no gate
Yvelknivel's base· Open — opponent sealed themselves in
_Penate_'s base· Open — opponent sealed themselves in
Smoothed initial terrain · ◌ = detected wall gap · hover for details
Inputs per minute
— mattinstat - - UsingTm96
Build order — mattinstat
First 150 of 544 actions detected
| 0:01 | Create | Villager (Male) |
| 0:03 | Build | House |
| 0:06 | Build | House |
| 0:08 | Create | Villager (Male) ×3 |
| 1:26 | Create | Villager (Male) |
| 2:05 | Create | Villager (Male) |
| 2:29 | Create | Villager (Male) |
| 2:52 | Create | Villager (Male) |
| 3:06 | Create | Villager (Male) |
| 3:36 | Build | House |
| 3:37 | Build | House |
| 3:42 | Build | Mill |
| 3:45 | Create | Villager (Male) |
| 4:00 | Create | Villager (Male) |
| 4:00 | Create | Villager (Male) |
| 4:27 | Create | Villager (Male) |
| 5:01 | Create | Villager (Male) |
| 5:31 | Create | Villager (Male) |
| 5:32 | Create | Villager (Male) |
| 5:32 | Create | Villager (Male) |
| 5:58 | Create | Villager (Male) |
| 6:13 | Build | Lumber Camp |
| 6:27 | Create | Villager (Male) |
| 6:27 | Create | Villager (Male) |
| 7:08 | Create | Villager (Male) |
| 7:09 | Create | Villager (Male) |
| 7:18 | Build | Mining Camp |
| 8:12 | Create | Villager (Male) ×5 |
| 8:21 | Build | House |
| 8:23 | Build | House |
| 9:47 | Research | Feudal Age |
| 10:29 | Create | Villager (Male) |
| 12:02 | Age | Feudal Age |
| 12:26 | Create | Villager (Male) |
| 12:26 | Create | Villager (Male) |
| 12:43 | Build | Blacksmith |
| 12:57 | Build | Market |
| 13:16 | Build | Lumber Camp |
| 13:20 | Build | Farm |
| 13:24 | Create | Villager (Male) |
| 13:27 | Build | Farm |
| 13:41 | Research | Castle Age |
| 13:47 | Build | Farm |
| 13:52 | Build | Farm |
| 13:54 | Build | Farm |
| 13:58 | Build | Farm |
| 14:27 | Build | Barracks |
| 14:35 | Build | Farm |
| 14:49 | Research | Double-Bit Axe |
| 14:54 | Build | Farm |
| 15:13 | Research | Loom |
| 15:26 | Research | Horse Collar |
| 16:06 | Build | Archery Range |
| 16:14 | Research | Fletching |
| 16:17 | Create | Villager (Male) |
| 16:29 | Age | Castle Age |
| 16:37 | Create | Spearman |
| 16:43 | Create | Villager (Male) |
| 16:52 | Build | Town Center |
| 17:04 | Build | Town Center |
| 17:10 | Create | Villager (Male) |
| 17:19 | Create | Spearman |
| 17:42 | Build | Farm |
| 17:43 | Build | Farm |
| 17:58 | Build | House |
| 17:59 | Build | House |
| 18:00 | Build | House |
| 18:07 | Research | Bow Saw |
| 18:13 | Create | Villager (Male) |
| 18:19 | Build | Farm |
| 18:23 | Create | Villager (Male) |
| 18:39 | Create | Archer |
| 18:39 | Create | Archer |
| 19:13 | Build | Monastery |
| 19:36 | Create | Villager (Male) |
| 19:36 | Create | Villager (Male) |
| 19:39 | Create | Villager (Male) |
| 19:39 | Create | Villager (Male) |
| 19:43 | Create | Villager (Male) |
| 19:43 | Create | Villager (Male) |
| 19:45 | Build | Farm |
| 19:46 | Build | Farm |
| 20:02 | Build | House |
| 20:04 | Build | House |
| 20:33 | Create | Monk |
| 20:45 | Build | Mining Camp |
| 20:51 | Create | Villager (Male) |
| 20:52 | Create | Villager (Male) |
| 20:56 | Create | Villager (Male) |
| 20:57 | Create | Villager (Male) |
| 21:02 | Research | Stone Mining |
| 21:08 | Create | Villager (Male) |
| 21:08 | Create | Villager (Male) |
| 21:13 | Create | Villager (Male) |
| 21:13 | Create | Villager (Male) |
| 21:18 | Build | Farm |
| 21:19 | Build | Farm |
| 21:23 | Research | Gold Mining |
| 22:45 | Create | Villager (Male) |
| 22:45 | Create | Villager (Male) |
| 22:57 | Build | Town Center |
| 23:01 | Research | Wheelbarrow |
| 23:05 | Create | Villager (Male) |
| 23:05 | Create | Villager (Male) |
| 23:08 | Build | Farm |
| 23:09 | Build | Farm |
| 23:26 | Create | Villager (Male) |
| 23:26 | Create | Villager (Male) |
| 23:26 | Create | Villager (Male) |
| 23:29 | Build | Farm |
| 23:30 | Build | Farm |
| 23:32 | Build | Farm |
| 23:34 | Build | Farm |
| 23:42 | Build | Farm |
| 23:54 | Build | Farm |
| 24:00 | Research | Town Watch |
| 24:03 | Create | Villager (Male) |
| 24:03 | Create | Villager (Male) |
| 24:06 | Build | Farm |
| 24:15 | Research | Heavy Plow |
| 24:35 | Create | Villager (Male) |
| 24:52 | Create | Archer ×5 |
| 25:01 | Create | Villager (Male) |
| 25:01 | Create | Villager (Male) |
| 25:08 | Create | Villager (Male) |
| 25:09 | Create | Villager (Male) |
| 25:11 | Build | Farm |
| 25:17 | Build | Mill |
| 25:31 | Build | Farm |
| 25:32 | Build | Farm |
| 25:33 | Build | Farm |
| 25:38 | Create | Villager (Male) |
| 25:39 | Create | Villager (Male) |
| 25:44 | Create | Villager (Male) |
| 25:49 | Research | Gold Shaft Mining |
| 25:57 | Build | House |
| 25:58 | Build | House |
| 25:59 | Build | House |
| 26:01 | Build | House |
| 26:18 | Build | Farm |
| 26:22 | Research | Hand Cart |
| 26:27 | Create | Villager (Male) |
| 26:27 | Create | Villager (Male) |
| 26:38 | Create | Villager (Male) |
| 26:38 | Create | Villager (Male) |
| 26:41 | Build | Farm |
| 26:43 | Build | Farm |
| 26:49 | Create | Villager (Male) |
| 26:50 | Create | Villager (Male) |
| 26:52 | Build | Farm |
Build order — UsingTm96
First 150 of 985 actions detected
| 0:03 | Create | Villager (Male) |
| 0:04 | Create | Villager (Male) ×2 |
| 0:06 | Build | House |
| 0:13 | Research | Loom |
| 0:14 | Create | Villager (Male) ×3 |
| 0:21 | Build | House |
| 0:23 | Build | House |
| 0:25 | Build | House |
| 1:37 | Create | Villager (Male) |
| 2:26 | Create | Villager (Male) |
| 2:48 | Create | Villager (Male) |
| 3:28 | Create | Villager (Male) ×2 |
| 3:49 | Create | Villager (Male) |
| 4:04 | Create | Villager (Male) |
| 4:38 | Create | Villager (Male) ×2 |
| 5:01 | Create | Villager (Male) |
| 5:12 | Create | Villager (Male) |
| 5:20 | Create | Villager (Male) |
| 6:27 | Create | Villager (Male) |
| 6:48 | Create | Villager (Male) |
| 7:12 | Build | Mill |
| 7:43 | Build | Lumber Camp |
| 8:07 | Create | Villager (Male) |
| 8:23 | Research | Feudal Age |
| 8:40 | Create | Villager (Male) |
| 9:54 | Build | Mining Camp |
| 10:13 | Build | Farm |
| 10:23 | Create | Villager (Male) |
| 11:01 | Build | Stone Wall |
| 11:04 | Build | Stone Wall |
| 11:09 | Build | Gate |
| 11:24 | Create | Villager (Male) |
| 11:33 | Research | Wheelbarrow |
| 11:39 | Build | House |
| 11:41 | Build | House |
| 11:43 | Build | House |
| 12:36 | Create | Villager (Male) |
| 12:41 | Build | Farm |
| 12:42 | Build | Farm |
| 12:42 | Build | Farm |
| 12:43 | Build | Farm |
| 12:45 | Create | Villager (Male) |
| 12:47 | Create | Villager (Male) |
| 12:56 | Build | Barracks |
| 13:05 | Build | Blacksmith |
| 13:39 | Create | Villager (Male) |
| 13:50 | Create | Spearman |
| 14:06 | Create | Villager (Male) |
| 14:09 | Build | Farm |
| 14:09 | Build | Farm |
| 14:12 | Create | Villager (Male) |
| 14:45 | Create | Villager (Male) |
| 14:58 | Build | Archery Range |
| 15:12 | Build | Farm |
| 15:38 | Build | Farm |
| 15:42 | Create | Villager (Male) |
| 15:45 | Build | Farm |
| 15:45 | Build | Farm |
| 15:48 | Build | Farm |
| 16:45 | Build | Mining Camp |
| 16:51 | Research | Castle Age |
| 17:03 | Create | Spearman |
| 21:16 | Create | Skirmisher |
| 21:22 | Create | Skirmisher |
| 21:23 | Create | Spearman |
| 21:24 | Create | Spearman |
| 21:26 | Create | Villager (Male) |
| 21:27 | Create | Villager (Male) ×5 |
| 21:31 | Build | Town Center |
| 21:45 | Build | Town Center |
| 21:58 | Build | Town Center |
| 22:04 | Research | Horse Collar |
| 22:21 | Build | House |
| 22:36 | Research | Town Watch |
| 22:38 | Create | Villager (Male) |
| 22:39 | Create | Villager (Male) |
| 23:01 | Create | Villager (Male) |
| 23:08 | Create | Villager (Male) ×5 |
| 23:11 | Build | Farm |
| 23:19 | Build | House |
| 23:20 | Build | House |
| 23:20 | Build | House |
| 23:26 | Build | House |
| 23:29 | Create | Villager (Male) |
| 23:31 | Create | Villager (Male) |
| 23:37 | Create | Villager (Male) |
| 23:38 | Create | Villager (Male) |
| 23:39 | Create | Villager (Male) |
| 23:41 | Create | Villager (Male) |
| 23:48 | Create | Villager (Male) |
| 24:06 | Build | Farm |
| 24:10 | Create | Villager (Male) |
| 24:13 | Create | Villager (Male) |
| 24:19 | Create | Villager (Male) |
| 24:22 | Create | Villager (Male) |
| 24:23 | Create | Villager (Male) |
| 24:24 | Create | Villager (Male) |
| 24:27 | Build | Farm |
| 24:40 | Create | Villager (Male) |
| 24:41 | Create | Villager (Male) |
| 24:45 | Build | Farm |
| 24:46 | Build | Farm |
| 24:46 | Build | Farm |
| 24:46 | Build | Farm |
| 25:03 | Create | Villager (Male) |
| 25:05 | Create | Villager (Male) |
| 25:12 | Build | House |
| 25:14 | Build | House |
| 25:15 | Build | House |
| 25:16 | Build | House |
| 25:21 | Build | House |
| 25:22 | Build | House |
| 25:26 | Create | Villager (Male) |
| 25:30 | Create | Villager (Male) |
| 25:33 | Create | Villager (Male) ×5 |
| 25:37 | Build | House |
| 25:38 | Build | House |
| 25:40 | Build | House |
| 25:41 | Build | House |
| 25:44 | Build | House |
| 25:45 | Build | House |
| 25:49 | Create | Villager (Male) |
| 25:51 | Create | Villager (Male) |
| 25:53 | Create | Villager (Male) |
| 25:55 | Create | Villager (Male) |
| 25:57 | Create | Villager (Male) |
| 25:59 | Build | Farm |
| 26:00 | Build | Farm |
| 26:19 | Build | Farm |
| 26:25 | Build | Farm |
| 26:30 | Build | Farm |
| 26:33 | Create | Villager (Male) |
| 26:40 | Build | Farm |
| 26:43 | Create | Villager (Male) |
| 27:11 | Build | Castle |
| 27:17 | Build | Siege Workshop |
| 27:24 | Create | Spearman |
| 27:26 | Create | Spearman |
| 27:28 | Create | Skirmisher |
| 27:30 | Create | Skirmisher |
| 27:56 | Create | Villager (Male) |
| 27:58 | Research | Hand Cart |
| 28:05 | Create | Villager (Male) |
| 28:08 | Build | Farm |
| 28:09 | Build | Farm |
| 28:12 | Build | Lumber Camp |
| 28:15 | Create | Villager (Male) |
| 28:18 | Create | Villager (Male) |
| 28:22 | Create | Villager (Male) |
| 28:24 | Create | Villager (Male) |
Build order — Jamitri
First 150 of 1368 actions detected
| 0:02 | Create | Villager (Male) |
| 0:02 | Create | Villager (Male) |
| 0:04 | Build | House |
| 0:06 | Build | House |
| 0:19 | Create | Villager (Male) |
| 0:20 | Create | Villager (Male) |
| 1:59 | Create | Villager (Male) |
| 1:59 | Create | Villager (Male) |
| 2:37 | Build | Lumber Camp |
| 2:41 | Create | Villager (Male) |
| 3:43 | Create | Villager (Male) |
| 3:44 | Create | Villager (Male) |
| 4:02 | Create | Villager (Male) |
| 4:26 | Create | Villager (Male) |
| 4:26 | Create | Villager (Male) |
| 4:37 | Build | House |
| 4:39 | Build | House |
| 5:06 | Build | Mill |
| 5:25 | Create | Villager (Male) |
| 6:51 | Create | Villager (Male) |
| 6:51 | Create | Villager (Male) |
| 6:53 | Create | Villager (Male) |
| 7:57 | Create | Villager (Male) |
| 8:20 | Create | Villager (Male) |
| 8:21 | Create | Villager (Male) |
| 8:21 | Create | Villager (Male) |
| 8:25 | Create | Villager (Male) |
| 8:27 | Research | Loom |
| 9:06 | Research | Feudal Age |
| 9:27 | Build | Mining Camp |
| 9:33 | Create | Villager (Male) |
| 9:33 | Create | Villager (Male) |
| 10:15 | Create | Villager (Male) |
| 10:29 | Build | House |
| 10:52 | Build | Farm |
| 10:53 | Build | Farm |
| 11:11 | Build | Farm |
| 11:12 | Build | Farm |
| 12:21 | Age | Feudal Age |
| 12:25 | Build | Market |
| 12:32 | Build | Blacksmith |
| 12:38 | Build | Farm |
| 12:45 | Build | Farm |
| 13:12 | Research | Castle Age |
| 13:14 | Research | Loom |
| 13:35 | Research | Double-Bit Axe |
| 14:43 | Build | Barracks |
| 15:31 | Build | Archery Range |
| 15:39 | Create | Villager (Male) |
| 15:39 | Create | Villager (Male) |
| 15:52 | Age | Castle Age |
| 15:55 | Create | Villager (Male) |
| 15:55 | Create | Villager (Male) |
| 16:07 | Build | Monastery |
| 16:16 | Create | Villager (Male) |
| 16:21 | Research | Horse Collar |
| 16:43 | Create | Monk |
| 16:44 | Create | Monk |
| 17:05 | Build | Town Center |
| 17:07 | Create | Villager (Male) |
| 17:08 | Create | Villager (Male) |
| 17:28 | Research | Bow Saw |
| 17:39 | Build | House |
| 17:44 | Build | House |
| 17:45 | Build | House |
| 17:54 | Create | Monk |
| 18:10 | Build | Town Center |
| 18:13 | Create | Villager (Male) |
| 18:22 | Build | House |
| 18:23 | Build | House |
| 18:24 | Build | House |
| 18:25 | Build | House |
| 18:36 | Create | Villager (Male) |
| 19:18 | Create | Villager (Male) |
| 19:19 | Create | Villager (Male) |
| 19:25 | Create | Villager (Male) |
| 19:25 | Create | Villager (Male) |
| 19:32 | Build | Farm |
| 19:33 | Build | Farm |
| 19:35 | Build | Farm |
| 19:41 | Create | Archer |
| 19:41 | Create | Archer |
| 19:56 | Research | Heavy Plow |
| 20:02 | Build | Farm |
| 20:17 | Build | Farm |
| 20:19 | Build | Farm |
| 20:19 | Build | Farm |
| 20:24 | Build | House |
| 20:25 | Build | House |
| 20:26 | Build | House |
| 21:08 | Build | Farm |
| 21:10 | Build | Farm |
| 21:25 | Build | House |
| 21:26 | Build | House |
| 21:29 | Build | Farm |
| 21:34 | Create | Villager (Male) |
| 21:34 | Create | Villager (Male) |
| 21:34 | Create | Villager (Male) |
| 21:35 | Create | Villager (Male) |
| 21:36 | Create | Archer |
| 21:36 | Create | Archer |
| 21:39 | Create | Villager (Male) |
| 21:39 | Create | Villager (Male) |
| 22:01 | Create | Villager (Male) |
| 22:01 | Create | Villager (Male) |
| 22:59 | Build | House |
| 23:00 | Build | House |
| 23:01 | Build | House |
| 23:03 | Build | House |
| 23:04 | Build | House |
| 23:06 | Research | Crossbowman (upgrade) |
| 23:07 | Create | Villager (Male) |
| 23:07 | Create | Villager (Male) |
| 23:17 | Build | Farm |
| 23:18 | Build | Farm |
| 23:19 | Build | Farm |
| 23:22 | Build | Farm |
| 23:23 | Build | Farm |
| 23:25 | Create | Villager (Male) |
| 23:34 | Build | Farm |
| 23:34 | Build | Farm |
| 23:40 | Build | Lumber Camp |
| 23:53 | Create | Villager (Male) |
| 23:54 | Create | Villager (Male) |
| 23:54 | Create | Villager (Male) |
| 23:58 | Build | Mining Camp |
| 24:13 | Build | Lumber Camp |
| 24:22 | Build | Farm |
| 24:23 | Build | Farm |
| 24:24 | Create | Villager (Male) |
| 24:24 | Create | Villager (Male) |
| 24:24 | Create | Villager (Male) |
| 24:31 | Build | Farm |
| 24:31 | Build | Farm |
| 24:32 | Build | Farm |
| 24:47 | Create | Villager (Male) |
| 24:47 | Create | Villager (Male) |
| 24:48 | Create | Villager (Male) |
| 24:55 | Create | Villager (Male) |
| 25:05 | Build | Farm |
| 25:06 | Build | Farm |
| 25:18 | Create | Villager (Male) |
| 25:18 | Create | Villager (Male) |
| 25:19 | Create | Villager (Male) |
| 25:19 | Create | Villager (Male) |
| 25:19 | Create | Villager (Male) |
| 25:31 | Research | Stone Mining |
| 25:40 | Build | Farm |
| 25:41 | Build | Farm |
| 25:47 | Create | Villager (Male) |
Build order — Options1986
First 150 of 759 actions detected
| 0:03 | Build | House |
| 0:04 | Build | House |
| 0:07 | Create | Villager (Male) |
| 0:07 | Create | Villager (Male) |
| 0:08 | Create | Villager (Male) |
| 0:08 | Create | Villager (Male) |
| 0:08 | Create | Villager (Male) |
| 1:55 | Create | Villager (Male) |
| 1:58 | Build | Lumber Camp |
| 2:23 | Create | Villager (Male) |
| 2:24 | Create | Villager (Male) |
| 3:20 | Create | Villager (Male) |
| 3:21 | Create | Villager (Male) |
| 3:32 | Build | House |
| 3:34 | Build | House |
| 3:35 | Build | House |
| 4:25 | Create | Villager (Male) |
| 4:30 | Create | Villager (Male) |
| 4:30 | Create | Villager (Male) |
| 4:49 | Create | Villager (Male) |
| 4:49 | Create | Villager (Male) |
| 5:44 | Create | Villager (Male) |
| 5:45 | Create | Villager (Male) |
| 5:58 | Create | Villager (Male) |
| 6:12 | Create | Villager (Male) |
| 6:57 | Create | Villager (Male) |
| 7:00 | Create | Villager (Male) |
| 7:25 | Build | Mill |
| 8:34 | Research | Feudal Age |
| 8:48 | Build | Lumber Camp |
| 9:26 | Create | Villager (Male) |
| 9:27 | Create | Villager (Male) |
| 10:02 | Build | Farm |
| 10:02 | Build | Farm |
| 10:02 | Build | Farm |
| 10:02 | Build | Farm |
| 10:02 | Build | Farm |
| 10:06 | Build | Farm |
| 10:37 | Build | House |
| 10:39 | Build | House |
| 10:41 | Build | House |
| 10:45 | Age | Feudal Age |
| 10:47 | Research | Double-Bit Axe |
| 11:13 | Build | Mining Camp |
| 11:49 | Create | Villager (Male) |
| 11:49 | Create | Villager (Male) |
| 11:49 | Create | Villager (Male) |
| 11:54 | Create | Villager (Male) |
| 12:12 | Create | Villager (Male) |
| 12:30 | Build | Farm |
| 12:39 | Build | Market |
| 12:43 | Build | Blacksmith |
| 12:45 | Create | Villager (Male) |
| 13:09 | Build | Farm |
| 13:14 | Build | Farm |
| 13:35 | Build | Farm |
| 13:37 | Build | Farm |
| 14:19 | Create | Villager (Male) |
| 14:20 | Create | Villager (Male) |
| 14:40 | Research | Castle Age |
| 15:08 | Create | Villager (Male) |
| 15:21 | Build | Mining Camp |
| 16:03 | Create | Villager (Male) |
| 16:06 | Research | Stone Mining |
| 17:02 | Build | Lumber Camp |
| 17:24 | Create | Villager (Male) |
| 17:24 | Age | Castle Age |
| 17:30 | Build | Town Center |
| 17:40 | Build | Monastery |
| 17:43 | Research | Bow Saw |
| 17:46 | Create | Villager (Male) |
| 18:14 | Create | Monk |
| 18:22 | Build | Barracks |
| 18:48 | Create | Villager (Male) |
| 18:49 | Create | Villager (Male) |
| 18:50 | Create | Villager (Male) |
| 19:17 | Create | Villager (Male) ×5 |
| 19:17 | Create | Villager (Male) ×5 |
| 19:18 | Research | Loom |
| 19:37 | Create | Villager (Male) ×5 |
| 19:37 | Create | Villager (Male) ×5 |
| 19:58 | Create | Villager (Male) |
| 20:22 | Create | Monk |
| 20:30 | Create | Villager (Male) |
| 20:31 | Create | Villager (Male) |
| 20:31 | Create | Villager (Male) |
| 20:37 | Build | House |
| 20:37 | Build | House |
| 20:38 | Build | House |
| 20:38 | Build | House |
| 20:38 | Build | House |
| 20:38 | Build | House |
| 20:39 | Build | House |
| 20:39 | Build | House |
| 20:59 | Create | Villager (Male) |
| 21:04 | Build | House |
| 21:04 | Build | House |
| 21:05 | Build | House |
| 21:05 | Build | House |
| 21:20 | Create | Spearman |
| 21:20 | Create | Spearman |
| 21:29 | Create | Villager (Male) |
| 21:30 | Create | Villager (Male) |
| 21:51 | Build | Town Center |
| 22:08 | Create | Villager (Male) |
| 22:15 | Research | Wheelbarrow |
| 22:16 | Create | Villager (Male) |
| 22:38 | Create | Villager (Male) ×5 |
| 22:44 | Create | Villager (Male) |
| 22:45 | Create | Villager (Male) |
| 22:46 | Create | Villager (Male) |
| 23:13 | Create | Villager (Male) ×5 |
| 23:17 | Build | House |
| 23:17 | Build | House |
| 23:18 | Build | House |
| 23:18 | Build | House |
| 23:22 | Build | Farm |
| 23:22 | Build | Farm |
| 23:22 | Build | Farm |
| 23:22 | Build | Farm |
| 23:22 | Build | Farm |
| 23:23 | Build | Farm |
| 23:26 | Research | Horse Collar |
| 23:28 | Build | Farm |
| 23:28 | Build | Farm |
| 23:28 | Build | Farm |
| 23:29 | Build | Farm |
| 23:29 | Build | Farm |
| 23:35 | Create | Villager (Male) |
| 23:35 | Create | Villager (Male) |
| 23:48 | Build | Castle |
| 23:51 | Create | Villager (Male) |
| 23:56 | Create | Villager (Male) |
| 23:56 | Create | Villager (Male) |
| 24:20 | Create | Villager (Male) ×2 |
| 24:32 | Build | House |
| 24:32 | Build | House |
| 24:33 | Build | House |
| 24:33 | Build | House |
| 24:33 | Build | House |
| 24:33 | Build | House |
| 24:34 | Build | House |
| 24:36 | Create | Villager (Male) |
| 24:45 | Build | Mining Camp |
| 24:51 | Research | Gold Mining |
| 25:31 | Build | Mill |
| 25:31 | Build | Farm |
| 25:32 | Build | Farm |
| 25:32 | Build | Farm |
| 25:32 | Build | Farm |
Build order — Yvelknivel
First 150 of 779 actions detected
| 0:04 | Build | House |
| 0:05 | Build | House |
| 0:11 | Create | Villager (Male) |
| 0:11 | Create | Villager (Male) |
| 0:11 | Create | Villager (Male) |
| 0:11 | Create | Villager (Male) |
| 1:38 | Create | Villager (Male) |
| 2:00 | Build | Lumber Camp |
| 2:06 | Create | Villager (Male) |
| 2:25 | Create | Villager (Male) |
| 2:52 | Create | Villager (Male) |
| 3:07 | Create | Villager (Male) |
| 4:14 | Build | House |
| 4:16 | Build | Mill |
| 4:18 | Create | Villager (Male) |
| 4:18 | Create | Villager (Male) |
| 5:24 | Create | Villager (Male) |
| 5:24 | Create | Villager (Male) |
| 6:34 | Create | Villager (Male) |
| 6:34 | Create | Villager (Male) |
| 6:34 | Create | Villager (Male) |
| 6:35 | Create | Villager (Male) |
| 6:35 | Create | Villager (Male) |
| 6:35 | Create | Villager (Male) |
| 7:02 | Build | Lumber Camp |
| 7:12 | Create | Villager (Male) |
| 7:21 | Build | House |
| 8:43 | Build | Mining Camp |
| 9:32 | Research | Feudal Age |
| 10:31 | Create | Villager (Male) |
| 10:31 | Create | Villager (Male) |
| 10:35 | Build | House |
| 11:42 | Age | Feudal Age |
| 11:46 | Build | Blacksmith |
| 11:52 | Build | Market |
| 11:58 | Research | Double-Bit Axe |
| 12:24 | Research | Gold Mining |
| 12:42 | Build | Farm |
| 12:44 | Build | Farm |
| 12:50 | Build | Farm |
| 12:54 | Build | Farm |
| 12:59 | Build | Farm |
| 13:58 | Research | Castle Age |
| 14:01 | Create | Villager (Male) |
| 14:02 | Create | Villager (Male) |
| 14:13 | Build | Farm |
| 15:34 | Create | Villager (Male) |
| 15:35 | Create | Villager (Male) |
| 15:35 | Create | Villager (Male) |
| 15:35 | Create | Villager (Male) |
| 16:38 | Age | Castle Age |
| 16:43 | Build | Town Center |
| 17:01 | Build | House |
| 17:02 | Build | House |
| 17:04 | Build | House |
| 17:18 | Build | Town Center |
| 18:00 | Create | Villager (Male) |
| 18:00 | Create | Villager (Male) |
| 18:01 | Create | Villager (Male) |
| 18:01 | Create | Villager (Male) |
| 18:01 | Create | Villager (Male) |
| 18:02 | Create | Villager (Male) |
| 18:02 | Create | Villager (Male) |
| 18:14 | Build | Farm |
| 18:14 | Build | Farm |
| 18:14 | Build | Farm |
| 18:15 | Build | Farm |
| 18:35 | Create | Villager (Male) |
| 18:35 | Create | Villager (Male) |
| 18:41 | Create | Villager (Male) |
| 19:01 | Create | Villager (Male) |
| 19:07 | Build | Farm |
| 19:07 | Build | Farm |
| 19:08 | Build | Farm |
| 19:20 | Create | Villager (Male) |
| 19:51 | Build | Farm |
| 19:51 | Build | Farm |
| 19:52 | Build | Farm |
| 19:59 | Research | Bow Saw |
| 20:13 | Create | Villager (Male) |
| 20:25 | Create | Villager (Male) |
| 20:26 | Create | Villager (Male) |
| 20:28 | Create | Villager (Male) |
| 20:35 | Build | Farm |
| 20:38 | Build | Farm |
| 20:44 | Build | Farm |
| 21:01 | Research | Gold Shaft Mining |
| 21:18 | Research | Stone Mining |
| 21:27 | Create | Villager (Male) |
| 21:32 | Create | Villager (Male) |
| 21:45 | Create | Villager (Male) |
| 21:55 | Create | Villager (Male) |
| 21:59 | Create | Villager (Male) |
| 22:31 | Build | Farm |
| 22:37 | Build | Farm |
| 22:42 | Build | Farm |
| 22:46 | Build | Farm |
| 22:50 | Build | Farm |
| 22:57 | Create | Villager (Male) |
| 22:57 | Create | Villager (Male) |
| 22:58 | Create | Villager (Male) |
| 22:58 | Create | Villager (Male) |
| 22:58 | Create | Villager (Male) |
| 22:59 | Create | Villager (Male) |
| 22:59 | Create | Villager (Male) |
| 22:59 | Create | Villager (Male) |
| 23:29 | Build | House |
| 23:30 | Build | House |
| 23:30 | Build | House |
| 23:31 | Build | House |
| 23:31 | Build | House |
| 23:32 | Build | House |
| 23:32 | Build | House |
| 23:32 | Build | House |
| 23:33 | Build | House |
| 23:33 | Build | House |
| 23:33 | Build | House |
| 23:33 | Build | House |
| 23:34 | Build | House |
| 23:34 | Build | House |
| 23:40 | Create | Villager (Male) |
| 23:41 | Create | Villager (Male) |
| 23:41 | Create | Villager (Male) |
| 23:42 | Create | Villager (Male) |
| 23:51 | Build | Barracks |
| 24:00 | Create | Villager (Male) |
| 24:03 | Create | Villager (Male) |
| 24:03 | Create | Villager (Male) |
| 24:35 | Build | Farm |
| 24:35 | Build | Farm |
| 24:41 | Build | Farm |
| 24:41 | Build | Farm |
| 24:59 | Create | Villager (Male) |
| 24:59 | Create | Villager (Male) |
| 25:00 | Create | Villager (Male) |
| 25:00 | Create | Villager (Male) |
| 25:01 | Create | Villager (Male) |
| 25:01 | Create | Villager (Male) |
| 25:41 | Build | Stable |
| 26:03 | Build | Farm |
| 26:25 | Build | Farm |
| 26:29 | Research | Husbandry |
| 26:30 | Create | Knight ×5 |
| 26:30 | Create | Knight ×5 |
| 26:34 | Research | Forging |
| 26:39 | Research | Scale Barding Armor |
| 27:11 | Build | Mill |
| 27:13 | Build | Farm |
| 27:13 | Build | Farm |
| 27:14 | Build | Farm |
Build order — _Penate_
First 150 of 1024 actions detected
| 0:00 | Create | Villager (Male) |
| 0:01 | Create | Villager (Male) |
| 0:03 | Build | House |
| 0:04 | Build | House |
| 0:14 | Create | Villager (Male) |
| 0:24 | Create | Villager (Male) |
| 1:30 | Create | Villager (Male) |
| 1:47 | Build | Lumber Camp |
| 2:02 | Create | Villager (Male) |
| 2:20 | Create | Villager (Male) |
| 2:45 | Create | Villager (Male) |
| 3:12 | Create | Villager (Male) |
| 3:41 | Build | House |
| 3:46 | Create | Villager (Male) |
| 3:55 | Create | Villager (Male) |
| 4:22 | Build | Mill |
| 4:39 | Create | Villager (Male) |
| 4:47 | Create | Villager (Male) |
| 5:35 | Create | Villager (Male) |
| 5:36 | Create | Villager (Male) |
| 6:07 | Build | House |
| 6:23 | Create | Villager (Male) |
| 6:59 | Create | Villager (Male) |
| 7:00 | Create | Villager (Male) |
| 7:25 | Create | Villager (Male) |
| 8:14 | Create | Villager (Male) |
| 8:21 | Build | Mining Camp |
| 8:37 | Research | Feudal Age |
| 10:49 | Age | Feudal Age |
| 10:50 | Research | Castle Age |
| 10:50 | Research | Castle Age |
| 11:27 | Create | Villager (Male) |
| 11:43 | Create | Villager (Male) |
| 12:00 | Create | Villager (Male) |
| 12:07 | Research | Double-Bit Axe |
| 12:15 | Build | Farm |
| 12:17 | Build | Farm |
| 12:21 | Build | Farm |
| 12:22 | Research | Horse Collar |
| 12:39 | Build | Stable |
| 13:03 | Build | House |
| 13:30 | Age | Castle Age |
| 13:37 | Build | Monastery |
| 13:45 | Research | Light Cavalry (upgrade) |
| 13:48 | Create | Scout Cavalry |
| 14:03 | Create | Villager (Male) |
| 14:09 | Build | Farm |
| 14:14 | Build | Farm |
| 14:17 | Build | Farm |
| 14:19 | Build | Farm |
| 14:31 | Build | Farm |
| 14:32 | Build | Farm |
| 14:34 | Create | Monk |
| 14:34 | Create | Monk |
| 14:42 | Create | Scout Cavalry |
| 14:53 | Build | Blacksmith |
| 14:55 | Create | Villager (Male) |
| 15:05 | Build | Farm |
| 15:10 | Build | House |
| 15:12 | Create | Villager (Male) |
| 15:25 | Create | Villager (Male) |
| 15:44 | Create | Villager (Male) |
| 15:46 | Build | House |
| 16:10 | Create | Villager (Male) |
| 16:13 | Build | Farm |
| 16:13 | Build | Farm |
| 16:13 | Build | Farm |
| 16:17 | Build | House |
| 16:24 | Create | Villager (Male) |
| 16:39 | Research | Bloodlines |
| 16:41 | Create | Villager (Male) |
| 16:49 | Create | Villager (Male) |
| 17:07 | Create | Monk |
| 17:24 | Create | Villager (Male) |
| 17:44 | Build | Town Center |
| 17:58 | Create | Monk |
| 18:00 | Create | Villager (Male) |
| 18:06 | Create | Villager (Male) |
| 18:26 | Create | Villager (Male) |
| 18:47 | Research | Wheelbarrow |
| 18:48 | Research | Bow Saw |
| 19:04 | Create | Villager (Male) |
| 19:33 | Create | Villager (Male) |
| 19:33 | Create | Villager (Male) |
| 19:39 | Build | Town Center |
| 19:41 | Create | Villager (Male) |
| 19:42 | Research | Loom |
| 19:51 | Create | Villager (Male) |
| 19:55 | Research | Heavy Plow |
| 20:03 | Create | Villager (Male) |
| 20:12 | Build | Farm |
| 20:13 | Create | Villager (Male) |
| 20:38 | Create | Villager (Male) |
| 20:39 | Create | Villager (Male) |
| 20:42 | Build | Farm |
| 20:56 | Create | Villager (Male) |
| 20:58 | Build | Farm |
| 21:04 | Build | House |
| 21:16 | Create | Villager (Male) |
| 21:18 | Build | Farm |
| 21:25 | Build | House |
| 21:27 | Build | House |
| 21:28 | Build | House |
| 21:42 | Research | Gold Mining |
| 21:55 | Create | Villager (Male) |
| 21:57 | Create | Villager (Male) |
| 21:57 | Create | Villager (Male) |
| 22:12 | Build | Market |
| 22:20 | Build | Market |
| 22:44 | Create | Villager (Male) |
| 22:44 | Create | Villager (Male) |
| 22:44 | Create | Villager (Male) |
| 22:46 | Create | Villager (Male) |
| 22:46 | Create | Villager (Male) |
| 22:49 | Build | Farm |
| 22:51 | Build | Farm |
| 22:58 | Build | Farm |
| 23:00 | Create | Villager (Male) |
| 23:00 | Create | Villager (Male) |
| 23:01 | Create | Villager (Male) |
| 23:06 | Build | Farm |
| 23:16 | Create | Villager (Male) |
| 23:17 | Create | Villager (Male) |
| 23:51 | Build | Town Center |
| 23:56 | Create | Villager (Male) |
| 24:01 | Create | Villager (Male) |
| 24:02 | Create | Villager (Male) |
| 24:02 | Create | Villager (Male) |
| 24:02 | Create | Villager (Male) |
| 24:02 | Create | Villager (Male) |
| 24:21 | Create | Monk |
| 24:21 | Create | Monk |
| 24:21 | Create | Monk |
| 24:36 | Create | Villager (Male) |
| 24:36 | Create | Villager (Male) |
| 24:40 | Build | House |
| 24:41 | Build | House |
| 24:41 | Build | House |
| 24:41 | Build | House |
| 24:47 | Create | Villager (Male) |
| 24:51 | Build | Farm |
| 25:02 | Build | Town Center |
| 25:06 | Research | Hand Cart |
| 25:12 | Create | Villager (Male) |
| 25:16 | Build | Farm |
| 25:19 | Build | Farm |
| 25:20 | Create | Villager (Male) |
| 25:24 | Build | Farm |
| 25:24 | Create | Villager (Male) |
| 25:31 | Build | Lumber Camp |
Match timeline
| 10:45 | Options1986 · age_up feudal |
| 10:49 | _Penate_ · age_up feudal |
| 11:01 | UsingTm96 · wall_segment Stone Wall x13 |
| 11:04 | UsingTm96 · wall_segment Stone Wall x15 |
| 11:42 | Yvelknivel · age_up feudal |
| 12:02 | mattinstat · age_up feudal |
| 12:21 | Jamitri · age_up feudal |
| 12:39 | _Penate_ · first_building Stable |
| 12:56 | UsingTm96 · first_building Barracks |
| 13:30 | _Penate_ · age_up castle |
| 13:37 | Yvelknivel · first_market_buy 100 food |
| 13:37 | _Penate_ · first_building Monastery |
| 13:51 | Yvelknivel · first_market_sell 100 wood |
| 14:27 | mattinstat · first_building Barracks |
| 14:43 | Jamitri · first_building Barracks |
| 14:58 | UsingTm96 · first_building Archery Range |
| 15:31 | Jamitri · first_building Archery Range |
| 15:52 | Jamitri · age_up castle |
| 16:06 | mattinstat · first_building Archery Range |
| 16:07 | Jamitri · first_building Monastery |
| 16:29 | mattinstat · age_up castle |
| 16:38 | Yvelknivel · age_up castle |
| 17:24 | Options1986 · age_up castle |
| 17:40 | Options1986 · first_building Monastery |
| 18:22 | Options1986 · first_building Barracks |
| 19:13 | mattinstat · first_building Monastery |
| 23:46 | _Penate_ · first_market_buy 100 stone |
| 23:48 | Options1986 · first_building Castle |
| 23:51 | Yvelknivel · first_building Barracks |
| 25:41 | Yvelknivel · first_building Stable |
| 27:11 | UsingTm96 · first_building Castle |
| 27:17 | UsingTm96 · first_building Siege Workshop |
| 27:47 | Yvelknivel · first_building Castle |
| 27:49 | mattinstat · first_building Castle |
| 28:04 | _Penate_ · first_building Castle |
| 28:24 | Jamitri · first_building Siege Workshop |
| 29:07 | mattinstat · first_building Siege Workshop |
| 31:40 | Jamitri · first_building Castle |
| 31:56 | Options1986 · age_up imperial |
| 31:56 | Jamitri · first_market_sell 100 wood |
| 32:43 | mattinstat · age_up imperial |
| 32:55 | _Penate_ · age_up imperial |
| 33:01 | Options1986 · first_building Stable |
| 33:14 | Options1986 · first_building Archery Range |
| 33:28 | Jamitri · tribute_sent a jugador 1 |
| 33:28 | Jamitri · tribute_sent a jugador 3 |
| 33:28 | Jamitri · tribute_sent a jugador 4 |
| 33:28 | Jamitri · tribute_sent a jugador 5 |
| 33:28 | Jamitri · tribute_sent a jugador 6 |
| 34:48 | Yvelknivel · age_up imperial |
| 35:16 | Jamitri · age_up imperial |
| 43:40 | UsingTm96 · first_market_sell 100 wood |
| 47:45 | UsingTm96 · wall_segment Stone Wall x3 |
| 49:24 | mattinstat · first_building Stable |
| 50:33 | UsingTm96 · wall_segment Stone Wall x9 |
| 51:34 | UsingTm96 · wall_segment Stone Wall x8 |
| 52:29 | UsingTm96 · first_market_buy 100 stone |
| 52:53 | Jamitri · tribute_sent a jugador 1 |
| 52:53 | Jamitri · tribute_sent a jugador 3 |
| 52:53 | Jamitri · tribute_sent a jugador 4 |
| 52:53 | Jamitri · tribute_sent a jugador 5 |
| 52:53 | Jamitri · tribute_sent a jugador 6 |
| 55:32 | UsingTm96 · wall_segment Stone Wall x7 |
| 58:42 | _Penate_ · tribute_sent a jugador 1 |
| 58:42 | _Penate_ · tribute_sent a jugador 2 |
| 58:42 | _Penate_ · tribute_sent a jugador 3 |
| 58:42 | _Penate_ · tribute_sent a jugador 4 |
| 58:42 | _Penate_ · tribute_sent a jugador 5 |
| 60:02 | mattinstat · first_market_sell 500 food |
| 67:10 | UsingTm96 · wall_segment Stone Wall x6 |
| 69:25 | Options1986 · first_market_sell 100 wood |
| 69:50 | UsingTm96 · first_building Monastery |
| 75:36 | UsingTm96 · wall_segment Stone Wall x15 |
| 76:42 | UsingTm96 · wall_segment Stone Wall x13 |
| 85:30 | UsingTm96 · wall_segment Stone Wall x1 |
| 85:34 | UsingTm96 · wall_segment Stone Wall x6 |
| 86:37 | Options1986 · first_building Siege Workshop |
| 110:11 | Options1986 · resign |
[ AI ANALYSIS · 1 CREDIT ]
What really happened in this match?
Wolo.gg analyzes every decision: build order, eco, micro, common mistakes by bracket. Personalized analysis on WhatsApp or Discord in 30 seconds.
Civ guide
Ethiopians
Map guide
Amazon Tunnel
Perfil
Jugador #4496845